 Dungeon Crawl Stone Soup version 0.30-a0-777-ga9a30cbeda (webtiles) character file.

Game seed: 17724513137336342596

27 Mickster the Trooper (level 3, 0/29 HPs)
             Began as a Human Wanderer on Feb 13, 2023.
             Slain by a jackal (3 damage)
             ... on level 1 of the Dungeon.
             The game lasted 00:06:34 (406 turns).

Mickster the Trooper (Human Wanderer)                Turns: 406, Time: 00:06:34

Health: 0/29       AC:  3    Str: 14    XL:     3   Next: 25%
Magic:  4/4        EV: 11    Int: 10    God:
Gold:   43         SH:  0    Dex: 14    Spells: 3/4 levels left

rFire   . . .      SeeInvis .    e - +0 short sword
rCold   . . .      Faith    .    (no shield)
rNeg    . . .      Spirit   .    c - +0 leather armour
rPois   .          Reflect  .    (no helmet)
rElec   .          Harm     .    (no cloak)
rCorr   .          Rampage  .    (no gloves)
Will    .....                    (no boots)
Stlth   +                        (no amulet)
HPRegen 0.24/turn                (no ring)
MPRegen 0.09/turn                (no ring)

@: no status effects
A: no striking features
a: no special abilities


You were on level 1 of the Dungeon.
You visited 1 branch of the dungeon, and saw 1 of its levels.

You collected 43 gold pieces.

Inventory:

Hand Weapons
 a - a +1 sling
 e - a +0 short sword (weapon)
Missiles
 b - 5 javelins (quivered)
 f - 4 stones
Armour
 c - a +0 leather armour (worn)
Potions
 d - a potion of curing {unknown}


   Skills:
 + Level 3.3 Fighting
 + Level 1.9 Ranged Weapons
 + Level 0.6 Armour
 + Level 1.0 Dodging
 + Level 1.0 Stealth
 + Level 1.0 Spellcasting
 + Level 0.4 Transmutations
 + Level 3.2 Poison Magic


You had 3 spell levels left.
You knew the following spells:

 Your Spells              Type           Power      Damage    Failure   Level
a - Sting                 Tmut/Pois      16%        1d3       22%         1

Your spell library contained the following spells:

 Spells                   Type           Power      Damage    Failure   Level
 Poisonous Vapours        Pois/Air       6%         N/A       34%         2
 Ignite Poison            Fire/Tmut/Pois 2%         N/A       63%         3
 Portal Projectile        Hex/Tloc       0%         N/A       78%         3
 Tukima's Dance           Hex            0%         N/A       78%         3
 Blade Hands              Tmut           0%         N/A       100%        5


Dungeon Overview and Level Annotations

Branches:
Dungeon (1/15)

Altars:


Message History

The jackal is almost dead.
The jackal barely misses you.
You barely miss the jackal.
The jackal is almost dead.
The jackal closely misses you.
You barely miss the jackal.
The jackal is almost dead.
The jackal bites you. The jackal closely misses you.
You closely miss the jackal.
The jackal is severely wounded.
The jackal bites you.
* * * LOW HITPOINT WARNING * * *
You hit the jackal.
You kill the jackal!
A hobgoblin comes into view.
The jackal bites you but does no damage.
You closely miss the jackal.
The jackal bites you but does no damage.
You barely miss the jackal.
The jackal bites you but does no damage.
You closely miss the jackal. The jackal bites you.
* * * LOW HITPOINT WARNING * * *
The jackal bites you.
* * * LOW HITPOINT WARNING * * *
You barely miss the jackal. The jackal completely misses you.
You closely miss the jackal.
The jackal bites you but does no damage.
The jackal misses you.
You hit the jackal but do no damage.
The jackal bites you but does no damage.
You hit the jackal.
The jackal is severely wounded.
The jackal bites you.
* * * LOW HITPOINT WARNING * * *
You closely miss the jackal.
The jackal is severely wounded.
The jackal bites you.
* * * LOW HITPOINT WARNING * * *
The jackal bites you.
You die...

#.....# #. #......
#.....# #. .......
#.....# #. ..!....
#.....# #. .......
#.b...# #.
.......### #.
.........# #.
.....$..K###########
#.
........hh@........#
#.
.........#########.#
#. .........# #.# #.
.#####...# #.# #.
#...# #.# #. #...#
#.# #. #...#
#.#######. #...#
#.........
##########


You could see 2 jackals and a kobold.

Vanquished Creatures
  3 dart slugs (D:1)
  3 endoplasms (D:1)
  A giant cockroach (D:1)
  2 goblins (D:1)
  4 jackals (D:1)
  A kobold (D:1)
  A quokka (D:1)
  A ball python (D:1)
  A frilled lizard (D:1)
  A rat (D:1)
18 creatures vanquished.

Notes
Turn   | Place    | Note
-------+----------+-------------------------------------------
     0 | D:1      | Mickster the Human Wanderer began the quest for the Orb.
     0 | D:1      | Mickster set off with the following items: a +1 sling, a
                  | potion of attraction, a +0 leather armour; and the
                  | following spell memorised: Sting; and the following spells
                  | available to memorise: Poisonous Vapours, Ignite Poison.
     0 | D:1      | Reached XP level 1. HP: 18/18 MP: 2/2
    73 | D:1      | Reached XP level 2. HP: 20/24 MP: 0/3
   219 | D:1      | HP: 1/24 [kobold/+0 short sword (2)]
   223 | D:1      | Reached XP level 3. HP: 2/29 MP: 4/4
   406 | D:1      | Slain by a jackal

Illustrated notes

Levels and vault maps discovered:
D:1:      kennysheep_arrival_forest, layout_basic,
          shapermc_ecumenical_altar_mp_highgroup, minmay_tall_x

Action                     || total
---------------------------++-------
  Melee: Short sword       ||    35
   Fire: Sling             ||    38
  Throw: Javelin           ||     1
   Cast: Sting             ||     3
 Armour: Leather armour    ||    28
  Dodge: Dodged            ||    55

Table legend: (Time is in decaauts)
 A = Elapsed time spent in this place.
 B = Non-inter-level travel time spent in this place.
 C = Inter-level travel time spent in this place.
 D = Time resting spent in this place.
 E = Time spent auto-exploring this place.
 F = Levels seen in this place.
 G = Mean time per level.
                   A        B        C        D        E       F      G
               +--------+--------+--------+--------+--------+-----+--------+
         Total |    420 |    420 |      0 |     65 |      0 |   1 |  420.0 |
       Dungeon |    420 |    420 |      0 |     65 |      0 |   1 |  420.0 |
               +--------+--------+--------+--------+--------+-----+--------+

Top non-repeatable levels by time:
     D:1: 420 daAuts
